[Event "European-ch Seniors 2018"]
[Site "Drammen"]
[Date "2018.08.06"]
[Round "3"]
[White "Agdestein, Simen"]
[Black "Biro, Sandor"]
[Result "1-0"]
[ECO "C76"]
[WhiteElo "2576"]
[BlackElo "2193"]
[Annotator "ChessBase"]
[PlyCount "77"]
[EventDate "2018.08.04"]
[EventType "swiss"]
[EventCountry "NOR"]
[SourceTitle "playchess.com"]
[Source "ChessBase"]
[SourceQuality "1"]
[TimeControl "40/5400+30:1800+30"]

1. e4 e5 2. Nf3 Nc6 3. Bb5 g6 4. c3 a6 5. Ba4 d6 6. d4 Bd7 7. Bg5 f6 8. Be3 Nh6 9. O-O Nf7 10. Bb3 Qe7 11. c4 Bg7 12. Nc3 O-O 13. Nd5 Qd8 14. c5 Bg4 15. cxd6 Qxd6 16. dxe5 fxe5 17. Rc1 Nd4 18. Rxc7 Kh8 19. Bxd4 exd4 20. h3 Bd7 21. Rxb7 Rae8 22. Re1 Bc8 23. Rb6 Qd8 24. Ba4 Ne5 25. Nxd4 Bxh3 26. Bxe8 Bxg2 27. f4 Qh4 28. Kxg2 Ng4 29. Qf3 Qh2+ 30. Kf1 Bxd4 31. Rb4 Qd2 32. Re2 Qd1+ 33. Kg2 Qg1+ 34. Kh3 h5 35. Rxd4 Qxd4 36. Bxg6 Qg7 37. Bxh5 Ne5 38. Qg3 Qd7+ 39. Bg4 1-0

[Event "European-ch Seniors 2018"]
[Site "Drammen"]
[Date "2018.08.06"]
[Round "3"]
[White "Ogaard, Leif"]
[Black "Furman, Boris"]
[Result "1-0"]
[ECO "D38"]
[WhiteElo "2386"]
[BlackElo "2242"]
[Annotator "NA"]
[PlyCount "79"]
[EventDate "2018.08.04"]
[EventType "swiss"]
[EventCountry "NOR"]
[SourceTitle "playchess.com"]
[Source "ChessBase"]
[SourceQuality "1"]
[TimeControl "40/5400+30:1800+30"]

1. Nf3 d5 2. d4 Nf6 3. c4 e6 4. Nc3 Bb4 5. e3 O-O 6. Bd3 Nc6 7. O-O a6 8. h3 dxc4 9. Bxc4 Bd6 10. e4 e5 11. Be3 b5 12. Bb3 Bb7 13. dxe5 Nxe5 14. Nxe5 Bxe5 15. Bc5 Qxd1 16. Rfxd1 Rfe8 17. f3 Rad8 18. Rab1 Nd7 19. Be3 Nf8 20. a4 c6 21. Bb6 Rd7 22. Kf2 Ree7 23. Ke3 Rxd1 24. Rxd1 Rd7 25. Bd4 Bd6 26. e5 Re7 27. f4 Bb4 28. Ne4 Nd7 29. Bc5 Bxc5+ 30. Nxc5 Nf8 31. Rd8 g5 32. Rb8 gxf4+ 33. Kd4 bxa4 34. Bc4 Kg7 35. Rxb7 Rxb7 36. Nxb7 Ng6 37. Bd3 Ne7 38. Nd6 Nd5 39. Be4 Ne3 40. Nf5+ 1-0

[Event "European-ch Seniors 2018"]
[Site "Drammen"]
[Date "2018.08.06"]
[Round "3"]
[White "Renman, Nils-Gustaf"]
[Black "Malmdin, Nils Ake"]
[Result "1-0"]
[ECO "A41"]
[WhiteElo "2348"]
[BlackElo "2135"]
[Annotator "NA"]
[PlyCount "109"]
[EventDate "2018.08.04"]
[EventType "swiss"]
[EventCountry "NOR"]
[SourceTitle "playchess.com"]
[Source "ChessBase"]
[SourceQuality "1"]
[TimeControl "40/5400+30:1800+30"]

1. d4 d6 2. Nf3 Bg4 3. e3 Nf6 4. h3 Bh5 5. c4 c6 6. Nc3 e6 7. Be2 Be7 8. e4 Qa5 9. O-O Nbd7 10. Be3 Bg6 11. Nd2 d5 12. e5 Ne4 13. Ncxe4 dxe4 14. a3 Qc7 15. b4 a5 16. Qb3 f5 17. c5 Bf7 18. Nc4 a4 19. Qa2 O-O 20. Nd6 Bxd6 21. cxd6 Qc8 22. b5 Nb6 23. bxc6 bxc6 24. f3 Nd5 25. Qd2 exf3 26. Bxf3 Qd7 27. Rfc1 Rfb8 28. Rc4 Rb3 29. Bf2 Qb7 30. Qc1 Be8 31. Bd1 Rb6 32. Bxa4 Rba6 33. Bd1 Qa7 34. a4 h6 35. Rc5 Nb4 36. Qc4 Nd5 37. a5 Bd7 38. Be2 Qb7 39. Qc1 R6a7 40. Rb1 Qc8 41. Be1 Qe8 42. Rc2 g5 43. Rcb2 Nf4 44. Bf1 Nd5 45. Bc4 f4 46. Bd2 Rd8 47. Rb7 Raa8 48. Qc2 Kg7 49. a6 Qh5 50. a7 Qe8 51. Bxd5 cxd5 52. Qc7 Kf8 53. Rb8 Bc6 54. Rxd8 Rxd8 55. Rb8 1-0

[Event "European-ch Seniors 2018"]
[Site "Drammen"]
[Date "2018.08.06"]
[Round "3"]
[White "Stebbings, Anthony"]
[Black "Kolbak, Jens"]
[Result "1-0"]
[ECO "E86"]
[WhiteElo "2265"]
[BlackElo "2181"]
[Annotator "NA"]
[PlyCount "79"]
[EventDate "2018.08.04"]
[EventType "swiss"]
[EventCountry "NOR"]
[SourceTitle "playchess.com"]
[Source "ChessBase"]
[SourceQuality "1"]
[TimeControl "40/5400+30:1800+30"]

1. d4 Nf6 2. c4 g6 3. Nc3 Bg7 4. e4 d6 5. f3 O-O 6. Be3 e5 7. Nge2 c6 8. Qd2 Nbd7 9. O-O-O Qa5 10. Kb1 b5 11. cxb5 cxb5 12. dxe5 dxe5 13. Nc1 a6 14. Nb3 Qc7 15. Rc1 Qd8 16. Be2 Bb7 17. Rhd1 Rc8 18. a4 bxa4 19. Nxa4 Rxc1+ 20. Rxc1 Qa8 21. Nac5 Nxc5 22. Nxc5 a5 23. Nxb7 Qxb7 24. Qxa5 Nxe4 25. Rc7 Qb3 26. Qa3 Qxa3 27. bxa3 Nd6 28. a4 Rb8+ 29. Kc2 e4 30. fxe4 Be5 31. Re7 Rb2+ 32. Kd1 Bf6 33. Rd7 Nxe4 34. Bc4 Ng5 35. a5 Rb4 36. Bxg5 Bxg5 37. Bxf7+ Kg7 38. a6 Be3 39. a7 Ra4 40. Bd5+ 1-0

[Event "European-ch Seniors 2018"]
[Site "Drammen"]
[Date "2018.08.06"]
[Round "3"]
[White "Lederman, Leon S"]
[Black "Bogdanov, Valentin"]
[Result "1/2-1/2"]
[ECO "B35"]
[WhiteElo "2245"]
[BlackElo "2356"]
[Annotator "NA"]
[PlyCount "77"]
[EventDate "2018.08.04"]
[EventType "swiss"]
[EventCountry "NOR"]
[SourceTitle "playchess.com"]
[Source "ChessBase"]
[SourceQuality "1"]
[TimeControl "40/5400+30:1800+30"]

1. e4 c5 2. Nf3 Nc6 3. d4 cxd4 4. Nxd4 g6 5. Nc3 Bg7 6. Be3 Nf6 7. Bc4 O-O 8. Bb3 Re8 9. O-O d6 10. h3 Na5 11. Qf3 b6 12. Rad1 Bb7 13. Rfe1 Nxb3 14. axb3 Rc8 15. Bg5 h6 16. Bh4 Rc5 17. Qd3 Qa8 18. f3 Nh5 19. Nde2 Qc8 20. Ra1 a5 21. Bf2 Ba6 22. Qd2 Bxe2 23. Rxe2 Rxc3 24. bxc3 Bxc3 25. Qc1 Qa6 26. Re3 Bxa1 27. Qxa1 Rc8 28. e5 d5 29. e6 Rxc2 30. exf7+ Kxf7 31. Qe5 Qb7 32. Qe6+ Kg7 33. g4 Rc1+ 34. Re1 Rxe1+ 35. Bxe1 Nf6 36. Bc3 Qc7 37. Be5 Qc1+ 38. Kg2 Qd2+ 39. Kf1 1/2-1/2

[Event "European-ch Seniors 2018"]
[Site "Drammen"]
[Date "2018.08.06"]
[Round "3"]
[White "Moen, Ole Christian"]
[Black "Taksrud, Vidar"]
[Result "1-0"]
[ECO "B01"]
[WhiteElo "2228"]
[BlackElo "2047"]
[Annotator "NA"]
[PlyCount "109"]
[EventDate "2018.08.04"]
[EventType "swiss"]
[EventCountry "NOR"]
[SourceTitle "playchess.com"]
[Source "ChessBase"]
[SourceQuality "1"]
[TimeControl "40/5400+30:1800+30"]

1. e4 d5 2. exd5 Nf6 3. Bb5+ Nbd7 4. c4 g6 5. Nc3 Bg7 6. Nf3 O-O 7. Ba4 Nb6 8. Bb3 a5 9. O-O Bg4 10. a3 Nfd7 11. h3 Bf5 12. c5 Nxc5 13. d4 Nxb3 14. Qxb3 Bd3 15. Re1 Bc4 16. Qc2 Bxd5 17. Bg5 f6 18. Nxd5 Nxd5 19. Bd2 Qd6 20. Re2 e6 21. Rae1 Rfe8 22. Qc4 c6 23. a4 b6 24. b3 Kh8 25. Bc1 b5 26. Qd3 Rac8 27. Bd2 b4 28. Qa6 e5 29. dxe5 fxe5 30. Ng5 Kg8 31. Qxa5 Qf8 32. Qa6 h6 33. Ne4 Kh7 34. Qc4 Red8 35. Nc5 Qg8 36. Re4 Nf6 37. Qxg8+ Kxg8 38. R4e2 Nd5 39. Ne6 Rd6 40. Nxg7 Kxg7 41. Rxe5 c5 42. R5e4 g5 43. h4 Kf6 44. hxg5+ hxg5 45. Rg4 c4 46. Bxg5+ Kf5 47. Rxc4 Rxc4 48. bxc4 Nc3 49. Be7 Rb6 50. a5 Rb8 51. Bd6 Rc8 52. Bxb4 Na2 53. Bd2 Rxc4 54. Ra1 Rc2 55. a6 1-0

[Event "European-ch Seniors 2018"]
[Site "Drammen"]
[Date "2018.08.06"]
[Round "3"]
[White "Gruzmann, Boris"]
[Black "Ackermann, Hans Werner"]
[Result "1/2-1/2"]
[ECO "B00"]
[WhiteElo "2183"]
[BlackElo "2246"]
[Annotator "NA"]
[PlyCount "34"]
[EventDate "2018.08.04"]
[EventType "swiss"]
[EventCountry "NOR"]
[SourceTitle "playchess.com"]
[Source "ChessBase"]
[SourceQuality "1"]
[TimeControl "40/5400+30:1800+30"]

1. e4 d6 2. d4 g6 3. Nc3 a6 4. Be3 b5 5. Qd2 Bb7 6. f3 Nd7 7. h4 h5 8. Nh3 Bg7 9. Ng5 Ngf6 10. a4 bxa4 11. Bc4 O-O 12. O-O-O Nb6 13. Ba2 Qd7 14. Rdg1 a3 15. bxa3 Na4 16. Nxa4 Qxa4 17. Qb4 Qxb4 1/2-1/2

[Event "European-ch Seniors 2018"]
[Site "Drammen"]
[Date "2018.08.06"]
[Round "3"]
[White "Blomstrom, Lars"]
[Black "Voll, Oddvar U"]
[Result "1-0"]
[ECO "A04"]
[WhiteElo "2167"]
[BlackElo "1907"]
[Annotator "NA"]
[PlyCount "113"]
[EventDate "2018.08.04"]
[EventType "swiss"]
[EventCountry "NOR"]
[SourceTitle "playchess.com"]
[Source "ChessBase"]
[SourceQuality "1"]
[TimeControl "40/5400+30:1800+30"]

1. Nf3 d6 2. g3 f5 3. Bg2 Nf6 4. d3 e5 5. c4 Be7 6. Nc3 O-O 7. O-O c6 8. c5 d5 9. Nxe5 Bxc5 10. d4 Bd6 11. Nd3 Nbd7 12. Bf4 Bxf4 13. Nxf4 Qe8 14. e3 Ne4 15. Rc1 Ndf6 16. Re1 Bd7 17. Nd3 Qe7 18. f3 Nd6 19. b3 Be8 20. Na4 Bh5 21. Nac5 Nfe4 22. g4 Nxc5 23. dxc5 fxg4 24. cxd6 Qh4 25. fxg4 Bxg4 26. Qd2 Rf6 27. Ne5 Rxd6 28. Nxg4 Qxg4 29. Rf1 Re6 30. Rf4 Qg5 31. Rcf1 h6 32. Qf2 Rae8 33. Rf8+ Rxf8 34. Qxf8+ Kh7 35. Qf4 Rxe3 36. Qxg5 hxg5 37. Kf2 Rc3 38. Re1 Kg6 39. Bf3 Kf6 40. Bg4 a5 41. Re2 a4 42. bxa4 Ra3 43. Bc8 Rxa4 44. Bxb7 Rc4 45. Ke1 d4 46. Kd1 c5 47. Rc2 Ra4 48. Bc6 Ra3 49. Bd5 Ra5 50. Bc6 d3 51. Rf2+ Ke5 52. a4 c4 53. Bb5 Ra7 54. Rg2 c3 55. Rg3 c2+ 56. Kc1 Rf7 57. Rxd3 1-0

[Event "European-ch Seniors 2018"]
[Site "Drammen"]
[Date "2018.08.06"]
[Round "3"]
[White "Moe, Mogens"]
[Black "Werner, Clemens"]
[Result "1/2-1/2"]
[ECO "B13"]
[WhiteElo "2150"]
[BlackElo "2258"]
[Annotator "NA"]
[PlyCount "71"]
[EventDate "2018.08.04"]
[EventType "swiss"]
[EventCountry "NOR"]
[SourceTitle "playchess.com"]
[Source "ChessBase"]
[SourceQuality "1"]
[TimeControl "40/5400+30:1800+30"]

1. e4 c6 2. d4 d5 3. exd5 cxd5 4. c4 Nf6 5. Nc3 Nc6 6. Bg5 Be6 7. Bxf6 exf6 8. c5 g6 9. Bb5 Bh6 10. Nge2 O-O 11. O-O Re8 12. b4 Re7 13. Bxc6 bxc6 14. b5 Bd7 15. a4 Rb8 16. a5 Rxb5 17. Nxb5 cxb5 18. Re1 a6 19. Nc3 Be6 20. Qb3 f5 21. Qb4 Bf4 22. Ne2 Bh6 23. Nc1 f4 24. f3 Bf5 25. Nb3 Re3 26. c6 Bf8 27. Nc5 Qc8 28. Rxe3 fxe3 29. Qc3 Qxc6 30. g4 Be6 31. Qxe3 Bxc5 32. dxc5 d4 33. Qxd4 Qxf3 34. Rf1 Qc6 35. Qd6 Qe4 36. Qd8+ 1/2-1/2

[Event "European-ch Seniors 2018"]
[Site "Drammen"]
[Date "2018.08.06"]
[Round "3"]
[White "Holst, Conny"]
[Black "Andersson, Kjell Ake"]
[Result "1-0"]
[ECO "E41"]
[WhiteElo "2147"]
[BlackElo "1940"]
[Annotator "NA"]
[PlyCount "43"]
[EventDate "2018.08.04"]
[EventType "swiss"]
[EventCountry "NOR"]
[SourceTitle "playchess.com"]
[Source "ChessBase"]
[SourceQuality "1"]
[TimeControl "40/5400+30:1800+30"]

1. d4 Nf6 2. c4 e6 3. Nc3 Bb4 4. e3 c5 5. Bd3 Nc6 6. Nge2 cxd4 7. exd4 d5 8. cxd5 Nxd5 9. O-O O-O 10. Nxd5 Qxd5 11. Be3 Be7 12. a3 Qd8 13. Rc1 Bf6 14. Qd2 Ne7 15. Nc3 Bd7 16. Ne4 Nd5 17. Nxf6+ Nxf6 18. Bg5 Bc6 19. Rc5 Bd5 20. Rfc1 Kh8 21. Qf4 Qb8 22. Qh4 1-0

[Event "European-ch Seniors 2018"]
[Site "Drammen"]
[Date "2018.08.06"]
[Round "3"]
[White "Bjerke, Richard"]
[Black "Elseth, Roar"]
[Result "1/2-1/2"]
[ECO "E15"]
[WhiteElo "2141"]
[BlackElo "2311"]
[Annotator "NA"]
[PlyCount "84"]
[EventDate "2018.08.04"]
[EventType "swiss"]
[EventCountry "NOR"]
[SourceTitle "playchess.com"]
[Source "ChessBase"]
[SourceQuality "1"]
[TimeControl "40/5400+30:1800+30"]

1. d4 Nf6 2. c4 e6 3. Nf3 b6 4. g3 Ba6 5. b3 Bb4+ 6. Bd2 Be7 7. Bg2 d5 8. cxd5 exd5 9. O-O O-O 10. Nc3 Bb7 11. Qc2 c5 12. Bf4 Nc6 13. Rfd1 cxd4 14. Nb5 Ne4 15. Nfxd4 Nxd4 16. Nxd4 Rc8 17. Qb2 Bf6 18. Rac1 Qd7 19. Be3 Rxc1 20. Rxc1 Rc8 21. Rc2 b5 22. Qc1 Rxc2 23. Qxc2 b4 24. h4 g6 25. Kh2 Nc3 26. a3 a5 27. axb4 axb4 28. Qd2 Ba6 29. Bf3 Be7 30. Bh6 Ne4 31. Qe1 Bc8 32. Bg2 Bc5 33. Be3 Bb7 34. Qa1 Qe7 35. Qc1 Bd6 36. Kg1 Nc3 37. Qd2 Bc5 38. Bf3 Ne4 39. Qc1 Nc3 40. Qd2 Ne4 41. Qc1 Nc3 42. Qd2 Ne4 1/2-1/2

[Event "European-ch Seniors 2018"]
[Site "Drammen"]
[Date "2018.08.06"]
[Round "3"]
[White "Schouten, Nico"]
[Black "Gaprindashvili, Nona"]
[Result "0-1"]
[ECO "A44"]
[WhiteElo "2126"]
[BlackElo "2305"]
[Annotator "NA"]
[PlyCount "116"]
[EventDate "2018.08.04"]
[EventType "swiss"]
[EventCountry "NOR"]
[SourceTitle "playchess.com"]
[Source "ChessBase"]
[SourceQuality "1"]
[TimeControl "40/5400+30:1800+30"]

1. d4 c5 2. d5 e5 3. dxe6 fxe6 4. e4 Nc6 5. Nf3 d5 6. Bb5 Qa5+ 7. Nc3 d4 8. Nxd4 cxd4 9. Qh5+ Kd8 10. Bg5+ Be7 11. O-O-O Bd7 12. f4 g6 13. Qe2 Bxg5 14. fxg5 Nge7 15. Qd2 Rf8 16. Bc4 a6 17. h4 Kc7 18. Qd3 Rad8 19. Ne2 Bc8 20. Kb1 Qe5 21. g3 Qc5 22. Bb3 Ne5 23. Qd2 Ng4 24. Nf4 e5 25. Nd3 Qd6 26. Rde1 Nc6 27. Bd5 Ne7 28. Bb3 Kb8 29. Rhf1 Ne3 30. Rxf8 Rxf8 31. Qa5 Nc6 32. Qb6 Ka8 33. a3 Rf3 34. Re2 Rxg3 35. Rf2 Rg1+ 36. Ka2 Rf1 37. Rxf1 Nxf1 38. Bd5 Be6 39. Bxe6 Qxe6+ 40. b3 Ng3 41. Qc7 Nxe4 42. Qxh7 Ka7 43. Qg7 Qf5 44. Kb2 Kb6 45. b4 Qe6 46. a4 Nd6 47. a5+ Kb5 48. Qc7 Nc4+ 49. Kc1 Qe7 50. Qc8 Nxb4 51. Nxb4 Kxb4 52. Qg4 Qf7 53. Qg2 Kxa5 54. h5 gxh5 55. g6 Qf8 56. Qd5+ b5 57. Qf7 Qa3+ 58. Kd1 Qe3 0-1

[Event "European-ch Seniors 2018"]
[Site "Drammen"]
[Date "2018.08.06"]
[Round "3"]
[White "Mednikova, Svetlana"]
[Black "Johnsen, Sylvia"]
[Result "1/2-1/2"]
[ECO "C99"]
[WhiteElo "2110"]
[BlackElo "1977"]
[Annotator "NA"]
[PlyCount "143"]
[EventDate "2018.08.04"]
[EventType "swiss"]
[EventCountry "NOR"]
[SourceTitle "playchess.com"]
[Source "ChessBase"]
[SourceQuality "1"]
[TimeControl "40/5400+30:1800+30"]

1. e4 e5 2. Nf3 Nc6 3. Bb5 a6 4. Ba4 Nf6 5. O-O Be7 6. Re1 b5 7. Bb3 d6 8. c3 O-O 9. h3 Na5 10. Bc2 c5 11. d4 Qc7 12. Nbd2 cxd4 13. cxd4 Bd7 14. Nf1 Rac8 15. Bd3 Rfe8 16. b3 Nc6 17. Bb2 Bf8 18. Rc1 Qb8 19. Ng3 g6 20. d5 Nb4 21. Bb1 a5 22. Qd2 Bg7 23. Ba3 Rc5 24. Bxb4 axb4 25. Qxb4 Rec8 26. Qd2 b4 27. Rxc5 Rxc5 28. Rc1 Bb5 29. Rxc5 dxc5 30. Bd3 Bh6 31. Qe2 Be8 32. Qc2 Qd6 33. Nd2 Nd7 34. Nc4 Qc7 35. Bf1 Qb8 36. a4 bxa3 37. Nxa3 Qb4 38. Nc4 f6 39. Nd6 Kf8 40. Qc4 Ke7 41. Nxe8 Kxe8 42. Qa6 Qb6 43. Bb5 Qxa6 44. Bxa6 Ke7 45. Kf1 Kd6 46. Ke2 Nb6 47. Kd3 Bc1 48. Kc2 Ba3 49. Bb5 Bb4 50. Kd3 Be1 51. Ke2 Bb4 52. Nf1 Nc8 53. Ne3 Ke7 54. g3 Nd6 55. Bd3 Bc3 56. f4 Bd4 57. Nc2 Bc3 58. Kf3 Kf7 59. Ne3 Bd4 60. fxe5 fxe5 61. Nc2 Bc3 62. h4 h5 63. g4 Ba5 64. Ne3 hxg4+ 65. Nxg4 Bc3 66. Ne3 Ne8 67. Ng4 Ke7 68. Bc4 Kd6 69. Bb5 Nc7 70. Bc4 Ne8 71. Nh6 Nf6 72. Ng4 1/2-1/2

[Event "European-ch Seniors 2018"]
[Site "Drammen"]
[Date "2018.08.06"]
[Round "3"]
[White "Edvardsen, Ragnar"]
[Black "Blechzin, Igor"]
[Result "1/2-1/2"]
[ECO "B36"]
[WhiteElo "1969"]
[BlackElo "2250"]
[Annotator "NA"]
[PlyCount "95"]
[EventDate "2018.08.04"]
[EventType "swiss"]
[EventCountry "NOR"]
[SourceTitle "playchess.com"]
[Source "ChessBase"]
[SourceQuality "1"]
[TimeControl "40/5400+30:1800+30"]

1. e4 c5 2. Nf3 Nc6 3. d4 cxd4 4. Nxd4 g6 5. c4 Nf6 6. Nc3 Nxd4 7. Qxd4 d6 8. Be2 Bg7 9. Be3 O-O 10. Qd2 a5 11. O-O a4 12. Rad1 Qa5 13. f3 Be6 14. Nd5 Bxd5 15. exd5 Nd7 16. b4 axb3 17. axb3 Qxd2 18. Rxd2 Ra3 19. Rb1 Nc5 20. Bd1 Rb8 21. Bc2 b5 22. Kf2 bxc4 23. bxc4 Rxb1 24. Bxb1 Rb3 25. Bc2 Rc3 26. Bxc5 dxc5 27. Bd3 Bd4+ 28. Ke2 Kg7 29. f4 Ra3 30. h3 h5 31. g4 h4 32. Rd1 Kf6 33. g5+ Kg7 34. Kf3 Ra2 35. Be2 Rc2 36. Bf1 Rf2+ 37. Ke4 f5+ 38. gxf6+ Kxf6 39. Rb1 Bc3 40. Rb3 Bd4 41. Rf3 Ra2 42. Rb3 Ra1 43. Rb6+ Kf7 44. Be2 Ra3 45. Bd3 Ra2 46. Rb7 Ra6 47. Kf3 Ra3 48. Ke4 1/2-1/2

[Event "European-ch Seniors 2018"]
[Site "Drammen"]
[Date "2018.08.06"]
[Round "3"]
[White "Chireykina, Natalia"]
[Black "Burchardt, Brigitte"]
[Result "0-1"]
[ECO "B92"]
[WhiteElo "1922"]
[BlackElo "2189"]
[Annotator "NA"]
[PlyCount "82"]
[EventDate "2018.08.04"]
[EventType "swiss"]
[EventCountry "NOR"]
[SourceTitle "playchess.com"]
[Source "ChessBase"]
[SourceQuality "1"]
[TimeControl "40/5400+30:1800+30"]

1. e4 c5 2. Nf3 d6 3. d4 cxd4 4. Nxd4 Nf6 5. Nc3 a6 6. Be2 e5 7. Nb3 Be7 8. Be3 Be6 9. Nd5 Nxd5 10. exd5 Bf5 11. Qd2 Nd7 12. O-O O-O 13. Na5 Qc7 14. c4 Nf6 15. b4 Bd7 16. Rac1 b6 17. Nb3 Ba4 18. f3 Rfc8 19. Qe1 Qd8 20. Qf2 b5 21. Na5 bxc4 22. Bxc4 Qd7 23. Qd2 Bd8 24. Nc6 Bxc6 25. dxc6 Rxc6 26. Bxf7+ Kxf7 27. Bg5 Rac8 28. Rxc6 Qxc6 29. Bxf6 Bxf6 30. Rd1 Be7 31. Qd3 g6 32. f4 exf4 33. Qh3 h5 34. Re1 Bf6 35. Qe6+ Kg7 36. Rd1 Qb6+ 37. Kh1 Rd8 38. a3 Qe3 39. Qd5 Qxa3 40. Qb7+ Kh6 41. Qe4 Qe3 0-1